 Dungeon Crawl Stone Soup version 0.31-a0-358-gac0dbeb3ab (webtiles) character file.

Game seed: 9670320006598134631

10 drugrobin the Sneak (level 2, 25/25 HPs)
             Began as a Demigod Delver on July 25, 2023.
             Quit the game on level 1 of the Dungeon.
             The game lasted 00:01:58 (265 turns).

drugrobin the Sneak (Demigod Delver)                 Turns: 265, Time: 00:01:59

Health: 25/25      AC:  3    Str: 13    XL:     2   Next: 0%
Magic:  4/4        EV: 11    Int: 12    God:
Gold:   38         SH:  0    Dex: 15    Spells: 1/1 levels left

rFire   . . .        h - +0 quarterstaff (spect)
rCold   . . .        (shield currently unavailable)
rNeg    . . .        b - +0 leather armour
rPois   .            (no helmet)
rElec   .            (no cloak)
rCorr   .            (no gloves)
SInv    .            (no boots)
Will    .....        (no amulet)
Stlth   +++          (no ring)
HPRegen 0.24/turn    (no ring)
MPRegen 0.09/turn

%: no passive effects
@: no status effects
A: high MP 1, forlorn, divine attributes
a: no special abilities


You were on level 1 of the Dungeon.
You visited 1 branch of the dungeon, and saw 5 of its levels.

You collected 38 gold pieces.

Inventory:

Hand Weapons
 a - a +0 mace
 h - a +0 spectral quarterstaff (weapon)
Missiles
 i - 2 javelins (quivered)
Armour
 b - a +0 leather armour (worn)
Wands
 g - a wand of digging (3)
Scrolls
 c - a scroll of fog
 d - a scroll of revelation
 e - a scroll of fear
Potions
 f - a potion of haste
 j - a potion of heal wounds {unknown}


   Skills:
 - Level 2.6 Fighting
 + Level 2.5 Maces & Flails
 - Level 1.7 Dodging
 - Level 4.5 Stealth


You had one spell level left.
You didn't know any spells.
Your spell library was empty.

Dungeon Overview and Level Annotations

Branches:
Dungeon (5/15)
 Temple: D:4-7

Annotations:
D:5 exclusion: hound


Innate Abilities, Weirdness & Mutations

You have an increased reservoir of magic. (+10% MP)
You shall have no god before yourself.
Your divine heritage dramatically boosts your attributes as you level up.


Message History

Found a bubbling inky potion.
There is a stone staircase leading down here.
A hobgoblin is nearby!
Unknown command.
A goblin comes into view. It is wielding a +0 club.
Found a leather armour.
The goblin shouts!
Unknown command.
Unknown command.
A ball python comes into view.
Unknown command.
The hobgoblin hits you. The hobgoblin attacks as you move away!
The hobgoblin barely misses you.
There is a stone staircase leading down here.
You thump the hobgoblin!
You kill the hobgoblin!
You sock the ball python!
You kill the ball python!
You closely miss the goblin. The goblin hits you but does no damage.
You hit the goblin.
The goblin is severely wounded.
The goblin closely misses you.
You hit the goblin.
You kill the goblin!
j - a bubbling inky potion
Found a stone staircase leading down.
A rat comes into view.
Unknown command.
The helpless rat fails to defend itself.
You sock the rat!
You kill the rat!
You have reached level 2!
Unknown command.
Unknown command.
Found a stone staircase leading down.
Found a robe.
Unknown command.
Unknown command.
Unknown command.
Are you sure you want to abandon this character and quit the game? (Confirm with "yes".)

..########....# .##
#......# ##
#####>###..###
.###...).# ##..[#
.....##### #.#.#
.#..#########...##
.##..............##
##############....#####
.........@.....#
##########.....# .....#
.....# [....# ####.+ ##


There were no monsters in sight!

Vanquished Creatures
  3 ball pythons
  An endoplasm (D:2)
  A goblin (D:1)
  A hobgoblin (D:1)
  A quokka (D:4)
  A kobold (D:3)
  A rat (D:1)
9 creatures vanquished.

Notes
Turn   | Place    | Note
-------+----------+-------------------------------------------
     0 | D:5      | drugrobin the Demigod Delver began the quest for the Orb.
     0 | D:5      | Reached XP level 1. HP: 18/18 MP: 3/3
    23 | D:5      | Noticed a hound
    41 | D:4      | Noticed a jelly
   227 | D:1      | Reached XP level 2. HP: 25/25 MP: 4/4
   265 | D:1      | Quit the game

Illustrated notes

Levels and vault maps discovered:
D:1:      nicolae_arrival_memento_mori, layout_rooms, nicolae_grassy_gnolls
D:2:      layout_basic
D:3:      layout_loops_ring, gammafunk_temple_overflow_pools,
          grunt_temple_overflow_diamond, jmf_multi_god_temple2,
          uniq_crazy_yiuf_cottage
D:4:      layout_basic, zin_academy, uniq_natasha
D:5:      layout_loops_ring, grunt_ministairs_10, uniq_eustachio, uniq_sigmund

Skill      XL: |  1 |
---------------+----+-----
Maces & Flails | 2 |  2.5
Fighting       | |  2.6
Dodging        | |  1.7
Stealth        | |  4.5

Action                     || total
---------------------------++-------
  Melee: Quarterstaff      ||    16
   Stab: Sleeping          ||     2
 Armour: Leather armour    ||     5
  Dodge: Dodged            ||     4

Table legend: (Time is in decaauts)
 A = Elapsed time spent in this place.
 B = Non-inter-level travel time spent in this place.
 C = Inter-level travel time spent in this place.
 D = Time resting spent in this place.
 E = Time spent auto-exploring this place.
 F = Levels seen in this place.
 G = Mean time per level.
                   A        B        C        D        E       F      G
               +--------+--------+--------+--------+--------+-----+--------+
         Total |    267 |    261 |      6 |      0 |    130 |   5 |   53.4 |
       Dungeon |    267 |    261 |      6 |      0 |    130 |   5 |   53.4 |
               +--------+--------+--------+--------+--------+-----+--------+

Top non-repeatable levels by time:
     D:2: 85 daAuts
     D:3: 75 daAuts
     D:1: 63 daAuts
     D:5: 36 daAuts
     D:4: 7 daAuts
